 Dungeon Crawl Stone Soup version 0.22.0-40-g68aacdc (webtiles) character file.

148891 jerryfan the Cleaver (level 16, 0/127 HPs)
             Began as a Demonspawn Fighter on Aug 30, 2018.
             Was the Champion of Okawaru.
             Slain by an emperor scorpion (2 damage)
             ... on level 4 of the Spider Nest on Sept 1, 2018.
             The game lasted 03:37:12 (45412 turns).

jerryfan the Cleaver (Demonspawn Fighter)          Turns: 45412, Time: 03:37:13

Health: 0/127      AC: 25    Str: 25      XL:     16   Next: 95%
Magic:  19/19      EV: 18    Int:  8 (9)  God:    Okawaru [******]
Gold:   2246       SH:  0    Dex: 16 (17) Spells: 15/15 levels left

rFire    . . .     SeeInvis +   h - +8 executioner's axe "Tutyoloa" {chop, MR+}
rCold    . . .     Gourm    .   (shield currently unavailable)
rNeg     + . .     Faith    .   Q - +7 chain mail of Gaicwy {rElec rN+ Dex+3}
rPois    .         Spirit   .   (helmet unavailable)
rElec    +         Reflect  .   t - scarf {repulsion}
rCorr    .         Harm     .   c - +0 pair of gloves {archery}
MR       +++..     Clarity  +   m - +2 pair of boots {Fly}
Stlth    ..........             y - amulet of rage
HPRegen  0.31/turn              a - +3 ring of evasion
MPRegen  0.16/turn              A - ring of protection from magic

@: about to teleport, flying, repel missiles
A: antennae 3, clarity, demonic guardian 1, foul stench 2, shaggy fur 1, strong
1, rot immunity, MP-powered wands
a: Heroism, Finesse, Renounce Religion, Evoke Berserk Rage, Stop Flying


You were on level 4 of the Spider Nest.
You worshipped Okawaru.
Okawaru was exalted by your worship.
You were not hungry.

You visited 5 branches of the dungeon, and saw 25 of its levels.

You collected 2304 gold pieces.
You spent 58 gold pieces at shops.

Inventory:

Hand Weapons
 h - the +8 executioner's axe "Tutyoloa" (weapon) {chop, MR+}
   (Okawaru gifted it to you on level 10 of the Dungeon)

   It inflicts extra damage upon your enemies.
   It affects your resistance to hostile enchantments.
 o - the +3 quarterstaff of Jexudadd {freeze, rElec rPois MR- Str+7}
   (You found it on level 9 of the Dungeon)

   It has been specially enchanted to freeze those struck by it, causing extra
   injury to most foes and up to half again as much damage against particularly
   susceptible opponents.
   It can also slow down cold-blooded creatures.
   It affects your strength (+7).
   It insulates you from electricity.
   It protects you from poison.
   It affects your resistance to hostile enchantments.
 v - a +0 blowgun
 B - a +0 vampiric lajatang
Missiles
 g - 7 steel javelins
 w - 63 poisoned needles
 z - 5 javelins of penetration
 E - 6 needles of confusion
 O - 11 poisoned javelins (quivered)
 R - 7 curare-tipped needles
Armour
 c - a +0 pair of gloves of archery (worn)
 m - a +2 pair of boots of flying (worn)
 t - a scarf of repulsion (worn)
 P - the +6 scale mail "Rankoderch" {*Corrode Int+3 SInv}
   (You found it on level 12 of the Dungeon)

   It affects your intelligence (+3).
   It lets you see invisible.
   It may corrode you when you take damage.
 Q - the +7 chain mail of Gaicwy (worn) {rElec rN+ Dex+3}
   (You found it on level 6 of the Lair of Beasts)

   It affects your dexterity (+3).
   It insulates you from electricity.
   It protects you from negative energy.
 Z - a scarf of resistance
Jewellery
 a - a +3 ring of evasion (left hand)
 i - an uncursed ring of protection from fire
 y - an amulet of rage (around neck)
 A - a ring of protection from magic (right hand)
 D - the cursed ring of Unirisk {rC- rN+ Int+3 Slay-3}
   (You found it on level 3 of the Spider Nest)

   [ring of slaying]

   It affects your intelligence (+3).
   It affects your accuracy and damage with ranged weapons and melee attacks
   (-3).
   It makes you vulnerable to cold.
   It protects you from negative energy.
   It has a curse placed upon it.
 H - an uncursed ring of protection from cold
 K - the ring of Vytt {rC+++ MR- MP+9 Int+4 Slay-4}
   (You found it on level 6 of the Lair of Beasts)

   [ring of magical power]

   It affects your intelligence (+4).
   It affects your accuracy and damage with ranged weapons and melee attacks
   (-4).
   It renders you almost immune to cold.
   It affects your resistance to hostile enchantments.
   It affects your magic capacity (+9).
Wands
 e - a wand of paralysis (20)
 k - a wand of clouds (3)
 q - a wand of flame (31)
 u - a wand of disintegration (27)
 x - a wand of digging (21)
 G - a wand of polymorph (18)
 S - a wand of iceblast (9)
 U - a wand of random effects (8)
 W - a wand of acid (11)
Scrolls
 b - 4 scrolls of remove curse
 n - 4 scrolls of teleportation
 s - a scroll of immolation
 C - 3 scrolls of fog
 M - 4 scrolls of enchant weapon
 N - 3 scrolls of magic mapping
 V - 2 scrolls of enchant armour
 Y - 2 scrolls of blinking
Potions
 d - 2 potions of might
 j - a potion of resistance
 l - 8 potions of curing
 p - 2 potions of haste
 r - 2 potions of agility
 I - 3 potions of lignification
 X - a potion of berserk rage
Miscellaneous
 F - a phantom mirror
 J - a lightning rod (4/4)
 L - a fan of gales
 T - a phial of floods
Comestibles
 f - 33 rations


   Skills:
 + Level 12.0 Fighting
 * Level 13.9 Axes
 + Level 11.6 Staves
 + Level 10.8 Throwing
 + Level 11.2 Armour
 + Level 10.7 Dodging
   Level 6.1 Shields
 - Level 4.6 Invocations
 - Level 2.0 Evocations


You had 15 spell levels left.
You didn't know any spells.
Your spell library contained the following spells:

 Spells                   Type           Power        Failure   Level  Hunger
 Corona                   Hex            #......      90%         1    ##.....
 Magic Dart               Conj           #...         90%         1    ##.....
 Sting                    Conj/Pois      #...         90%         1    ##.....
 Poisonous Vapours        Pois/Air       #.....       97%         2    ###....
 Searing Ray              Conj           #.....       97%         2    ###....
 Slow                     Hex            #.......     97%         2    ###....
 Dazzling Spray           Conj/Hex       #.....       99%         3    ####...
 Inner Flame              Hex/Fire       #.......     99%         3    ####...
 Mephitic Cloud           Conj/Pois/Air  #.......     99%         3    ####...
 Portal Projectile        Hex/Tloc       #.....       99%         3    ####...
 Cause Fear               Hex            #.........   100%        4    #####..
 Force Lance              Conj/Tloc      #.......     100%        4    #####..
 Fulminant Prism          Conj/Hex       #.........   100%        4    #####..
 Iskenderun's Mystic Bla  Conj           #.......     100%        4    #####..
 Leda's Liquefaction      Hex/Erth       #.........   100%        4    #####..
 Olgreb's Toxic Radiance  Pois           #.......     100%        4    #####..
 Venom Bolt               Conj/Pois      #.........   100%        5    ######.


Dungeon Overview and Level Annotations

Branches:
Dungeon (12/15)            Temple (1/1) D:5            Lair (6/6) D:10
 Shoals (0/4) Lair:3       Spider (4/4) Lair:3        Slime (0/5) Lair:6
    Orc (2/2) D:12            Elf (0/3) Orc:2

Altars:
Ashenzari
Cheibriados
Dithmenos
Elyvilon
Fedhas
Gozag
Hepliaklqana
Kikubaaqudgha
Makhleb
Nemelex Xobeh
Okawaru
Qazlal
Ru
Sif Muna
Trog
Uskayaw
Vehumet
Wu Jian
Xom
Yredelemnul
Zin
The Shining One

Shops:
D:7 (   D:8 (   Orc:2 %[**

Annotations:
D:5 1 runed door, eyesofgods1's ghost, novice GnWr
D:8 exclusion: 2 downstairs
D:9 1 runed door, Lew's ghost, novice GrFi
Lair:5 exclusion: 2 downstairs
Spider:3 exclusion: 2 downstairs
Spider:4 exclusion: 3 doors


Innate Abilities, Weirdness & Mutations

You have a pair of large antennae on your head. (SInv)
A weak demonic guardian rushes to your aid.
You frequently emit foul miasma when damaged in melee.
You are immune to rotting.
You possess an exceptional clarity of mind.
You are covered in fur. (AC +1)
Your muscles are strong. (Str +2)
You expend magic power (3 MP) to strengthen your wands.


Message History

Your shadow imp struggles to get unstuck from the web.
The emperor scorpion stings you! The emperor scorpion claws you!
The emperor scorpion misses you.
The spark wasp is engulfed in dark miasma.
The spark wasp looks as sick as possible!
The spark wasp stings you!!
* * * LOW HITPOINT WARNING * * *
The spark wasp shocks you. You resist.
* * * LOW HITPOINT WARNING * * *
Your shadow imp struggles to get unstuck from the web.
You feel better.
The emperor scorpion completely misses you.
The emperor scorpion misses you.
The emperor scorpion closely misses you.
The spark wasp is engulfed in dark miasma.
The spark wasp looks as sick as possible!
The spark wasp closely misses you. The emperor scorpion stings you!!
* * * LOW HITPOINT WARNING * * *
The emperor scorpion claws you.
You die...

#...≈#####≈..^...≈^...≈##.## ##.
#≈^.≈##.^###≈≈≈.##.≈≈###...###≈.
##^..≈≈≈≈.############ #^.≈≈≈≈.≈
###.≈≈≈≈.##### ### ####≈≈..≈
#≈.≈#..# ... ..+ #.≈..≈#
#≈.^#### .. {...# ##.^≈≈##
##≈..## {y##ys ###≈.≈####
##≈.≈##


y#sy# ##≈≈..≈#### #≈..≈# ##@5# #≈....##≈.. ###≈..≈## #^.5#####....≈≈≈≈≈.
##.##≈..≈###.≈##≈≈#≈..≈#≈≈≈### #..≈≈††...##≈^##....≈≈######
#...≈≈≈#≈≈.^^..≈.≈.≈≈### ###≈≈#######....≈##### #### ###..≈# ##### You could see
2 emperor scorpions, a ghost moth (invisible), a spark wasp, a moth of wrath and
2 friendly shadow imps.

Vanquished Creatures
  Agnes (Spider:4)
  Kirke (Lair:5)
  3 ghost moths
  Nessos (Orc:2)
  3 entropy weavers
  A stone giant (Orc:2)
  Azrael (D:12)
  2 spark wasps (Spider:2)
  A deep elf high priest (D:12)
  9 hydras
  3 catoblepae (Lair:6)
  11 two-headed ogres
  17 death yaks
  2 ogre magi
  Sonja (Orc:2)
  A wizard (D:12)
  22 orb spiders
  A phantasmal warrior (D:12)
  A harpy (D:12)
  An orc knight (D:12)
  26 wolf spiders
  3 manticores
  An ugly thing (D:12)
  3 torpor snails
  2 gargoyles (D:12)
  3 black mambas
  15 spiny frogs
  8 rime drakes
  14 komodo dragons
  12 demonic crawlers
  6 meliai
  2 polar bears
  7 hornets
  3 trolls
  31 jumping spiders
  Prince Ribbit (D:7)
  13 blink frogs
  17 hippogriffs
  A meliai zombie (D:11)
  A snapping turtle (Lair:3)
  98 redbacks
  A water elemental (D:12)
  9 wyverns
  A wraith (D:12)
  11 spriggans
  33 tarantellas
  3 hogs (D:8)
  40 yaks
  2 humans
  Grum (D:8)
  4 basilisks
  5 fire elementals (D:12)
  2 hungry ghosts
  A warg (Orc:1)
  An acid dragon (D:12)
  12 water moccasins
  8 porcupines
  2 hell hounds (D:12)
  4 ice beasts
  A slave (D:8)
  7 sky beasts
  12 orc warriors
  A phantom (D:11)
  A black bear (D:12)
  An eye of draining (D:12)
  10 wolves
  35 ogres
  6 boggarts
  9 centaurs
  10 crocodiles
  5 big kobolds
  15 bullfrogs
  A water moccasin zombie (D:11)
  8 scorpions
  4 killer bees
  16 wights
  A howler monkey (D:12)
  3 electric eels
  A bullfrog zombie (D:10)
  3 crimson imps
  A quasit (D:11)
  2 centaur zombies
  3 hounds
  A gnoll shaman (D:8)
  15 orc priests
  2 bullfrog skeletons
  4 jellies
  8 orc wizards
  7 centaur skeletons
  4 iguanas
  7 worker ants
  6 gnolls
  12 adders
  3 shadow imps
  A white imp (D:5)
  3 oozes
  An adder skeleton (D:9)
  An adder zombie (D:6)
  A worm (D:2)
  2 dart slugs
  7 leopard geckos
  53 orcs
  6 bats
  4 giant cockroaches
  10 goblins
  4 hobgoblins
  5 jackals
  3 quokkas
  2 ball pythons
  4 frilled lizards
  2 gnoll zombies (D:9)
  26 kobolds
  2 leopard gecko skeletons
  A leopard gecko zombie (D:7)
  6 rats
  4 fungi
  5 plants
868 creatures vanquished.

Vanquished Creatures (collateral kills)
  A stone giant (Orc:2)
  Erolcha (D:10)
  A rakshasa (D:12)
  2 hydras
  2 ogre magi (Orc:2)
  2 two-headed ogres (Orc:2)
  Pikel (D:8)
  3 spiny frogs
  A rime drake (Lair:4)
  A demonic crawler (Spider:2)
  2 hippogriffs
  2 redbacks
  5 yaks
  A tarantella (Spider:2)
  A porcupine (Lair:1)
  A water moccasin (D:7)
  A phantom (D:6)
  4 ogres
  A crocodile (Lair:5)
  A wolf (D:8)
  A big kobold (D:10)
  A killer bee (D:7)
  3 wights (D:11)
  A crimson imp (D:5)
  A hound (D:4)
  An orc wizard (D:5)
  An iguana (D:7)
  2 gnolls (D:7)
  An adder (D:12)
  An adder skeleton (D:7)
  3 orcs
  A kobold (D:10)
51 creatures vanquished.

Vanquished Creatures (others)
  A human (Lair:5)
  A slave (D:8)
  An orc wizard (D:8)
  2 gnolls (D:8)
  7 orcs
  A giant cockroach (D:3)
  A kobold (D:12)
  A rat (D:3)
  11 fungi
  22 plants
48 creatures vanquished.

Grand Total: 967 creatures vanquished

Notes
Turn   | Place    | Note
-------+----------+-------------------------------------------
     0 | D:1      | jerryfan the Demonspawn Fighter began the quest for the Orb.
     0 | D:1      | Reached XP level 1. HP: 18/18 MP: 1/1
   179 | D:1      | Reached skill level 2 in Axes
   206 | D:1      | Gained mutation: You have a pair of small antennae on your head. [demonic ancestry]
   206 | D:1      | Reached XP level 2. HP: 24/24 MP: 2/2
   719 | D:2      | Reached XP level 3. HP: 26/29 MP: 3/3
  1966 | D:3      | Reached skill level 1 in Throwing
  2194 | D:3      | Gained mutation: A weak demonic guardian rushes to your aid. [demonic ancestry]
  2194 | D:3      | Reached XP level 4. HP: 32/35 MP: 4/4
  2246 | D:3      | Reached skill level 1 in Evocations
  2569 | D:3      | Reached skill level 1 in Dodging
  3489 | D:4      | Noticed an ogre
  3497 | D:4      | Killed an ogre
  3497 | D:4      | Reached skill level 3 in Axes
  3497 | D:4      | Reached XP level 5. HP: 41/41 MP: 6/6
  3613 | D:4      | Found a blossoming altar of Fedhas.
  4364 | D:5      | Entered Level 5 of the Dungeon
  4459 | D:5      | Noticed an ogre
  4475 | D:5      | Killed an ogre
  4475 | D:5      | Gained mutation: You have a pair of antennae on your head. [demonic ancestry]
  4475 | D:5      | Reached XP level 6. HP: 47/47 MP: 7/7
  4641 | D:5      | You fall through a shaft!
  4789 | D:5      | Reached XP level 7. HP: 47/53 MP: 8/8
  4901 | D:5      | Found a runed door.
  4902 | D:5      | Noticed eyesofgods1's ghost (novice GnWr)
  4927 | D:5      | Reached skill level 4 in Axes
  4956 | D:5      | Found a deep blue altar of Sif Muna.
  5369 | D:5      | Found a staircase to the Ecumenical Temple.
  5378 | Temple   | Entered the Ecumenical Temple
  5410 | Temple   | Became a worshipper of Warmaster Okawaru
  5582 | D:6      | Noticed Prince Ribbit
  6912 | D:7      | Reached XP level 8. HP: 53/61 MP: 9/9
  6926 | D:7      | Reached * piety under Okawaru
  6943 | D:7      | Reached skill level 5 in Axes
  7219 | D:7      | Found an ornate altar of the Wu Jian Council.
  7326 | D:7      | Killed Prince Ribbit
  7399 | D:7      | Reached ** piety under Okawaru
  7462 | D:7      | Found Goschirr's Weapon Shop.
  7500 | D:7      | Reached skill level 5 in Fighting
  7672 | D:7      | Found a hide-covered altar of Uskayaw.
  7983 | D:7      | Gained mutation: You are immune to rotting. [demonic ancestry]
  7983 | D:7      | Reached XP level 9. HP: 13/68 MP: 10/10
  8389 | D:7      | Reached skill level 6 in Axes
  8575 | D:8      | Noticed Pikel
  8600 | D:8      | Killed Pikel
  8600 | D:8      | Reached *** piety under Okawaru
  8600 | D:8      | Reached skill level 5 in Armour
  8600 | D:8      | Reached skill level 5 in Shields
  9182 | D:8      | Found Jegocwet's Weapon Emporium.
  9357 | D:8      | Received a gift from Okawaru
  9597 | D:8      | Noticed Grum
  9619 | D:8      | Killed Grum
 10131 | D:8      | Reached skill level 7 in Axes
 10191 | D:8      | Reached **** piety under Okawaru
 10476 | D:9      | Noticed Erolcha
 10541 | D:9      | Reached XP level 10. HP: 76/76 MP: 11/11
 10892 | D:9      | Found a runed door.
 10893 | D:9      | Noticed Lew's ghost (novice GrFi)
 11264 | D:9      | Found a basalt altar of Yredelemnul.
 11400 | D:9      | Found a bloodstained altar of Trog.
 11710 | D:9      | Reached skill level 5 in Throwing
 11717 | D:9      | Got a warped quarterstaff
 11736 | D:9      | Identified the cursed +3 quarterstaff of Jexudadd {freeze, rElec rPois MR- Str+7} (You found it on level 9 of the Dungeon)
 11908 | D:10     | Entered Level 10 of the Dungeon
 11920 | D:10     | Reached skill level 1 in Staves
 12221 | D:10     | Found a staircase to the Lair.
 12270 | D:10     | Reached ***** piety under Okawaru
 12270 | D:10     | Received a gift from Okawaru
 12358 | D:10     | Killed Erolcha
 12603 | D:10     | Reached skill level 5 in Dodging
 12953 | D:10     | Received a gift from Okawaru
 12969 | D:10     | Got a twisted executioner's axe {god gift}
 12973 | D:10     | Identified the +8 executioner's axe "Tutyoloa" {chop, MR+} (Okawaru gifted it to you on level 10 of the Dungeon)
 13118 | D:11     | Gained mutation: You may emit foul miasma when damaged in melee. [demonic ancestry]
 13118 | D:11     | Reached XP level 11. HP: 50/83 MP: 12/12
 15012 | D:12     | Found a hide-covered altar of Uskayaw.
 15025 | D:12     | Got a bloodstained scale mail
 15026 | D:12     | Identified the +6 scale mail "Rankoderch" {*Corrode Int+3 SInv} (You found it on level 12 of the Dungeon)
 15032 | D:12     | Noticed Azrael
 15063 | D:12     | Received a gift from Okawaru
 15087 | D:12     | Killed Azrael
 15087 | D:12     | Reached skill level 8 in Axes
 15427 | D:12     | Found a staircase to the Orcish Mines.
 16040 | D:12     | Received a gift from Okawaru
 16127 | D:12     | Gained mutation: Your muscles are strong. (Str +2) [potion of mutation]
 16127 | D:12     | Gained mutation: You expend magic power (3 MP) to strengthen your wands. [potion of mutation]
 16127 | D:12     | Gained mutation: You possess an exceptional clarity of mind. [potion of mutation]
 16127 | D:12     | Gained mutation: You are covered in fur. (AC +1) [potion of mutation]
 16753 | D:12     | Noticed a purple ugly thing
 16767 | D:12     | Killed a purple ugly thing
 16951 | D:12     | Reached skill level 9 in Axes
 17116 | D:12     | Noticed a wizard
 17139 | D:12     | Gained mutation: You frequently emit foul miasma when damaged in melee. [demonic ancestry]
 17139 | D:12     | Reached XP level 12. HP: 90/92 MP: 13/13
 17345 | D:12     | Noticed a deep elf high priest
 17810 | D:12     | Killed a deep elf high priest
 17810 | D:12     | Reached ****** piety under Okawaru
 17810 | D:12     | Received a gift from Okawaru
 18137 | D:12     | Noticed a rakshasa
 18140 | D:12     | Killed a rakshasa
 18371 | D:12     | Noticed a fire giant
 18477 | Lair:1   | Entered Level 1 of the Lair of Beasts
 19328 | Lair:1   | Found a snail-covered altar of Cheibriados.
 19957 | Lair:2   | Noticed a four-headed hydra
 20084 | Lair:1   | Killed a four-headed hydra
 20335 | Lair:2   | Reached skill level 10 in Axes
 20941 | Lair:2   | Received a gift from Okawaru
 20942 | Lair:2   | Got a faintly humming hat {god gift}
 20948 | Lair:2   | Identified the +2 hat "Pauvec" {Int+2 Dex+4} (Okawaru gifted it to you on level 2 of the Lair of Beasts)
 21078 | Lair:2   | Gained mutation: You have a pair of large antennae on your head. (SInv) [demonic ancestry]
 21078 | Lair:2   | Reached XP level 13. HP: 67/99 MP: 14/14
 21970 | Lair:3   | Found a hole to the Spider Nest.
 22019 | Lair:3   | Found a staircase to the Shoals.
 24902 | Lair:4   | Received a gift from Okawaru
 25086 | Lair:4   | Reached skill level 1 in Invocations
 25463 | Lair:5   | Noticed Kirke
 25466 | Lair:5   | Reached XP level 14. HP: 85/108 MP: 17/17
 25537 | Lair:5   | Killed Kirke
 27035 | Lair:6   | Entered Level 6 of the Lair of Beasts
 27113 | Lair:6   | Reached skill level 11 in Axes
 27670 | Lair:6   | Received a gift from Okawaru
 27765 | Lair:6   | Reached skill level 10 in Fighting
 28152 | Lair:6   | Found a staircase to the Slime Pits.
 28203 | Lair:6   | Received a gift from Okawaru
 28818 | Lair:5   | Reached skill level 10 in Staves
 29165 | Lair:6   | Got a slimy chain mail
 29166 | Lair:6   | Identified the +7 chain mail of Gaicwy {rElec rN+ Dex+3} (You found it on level 6 of the Lair of Beasts)
 30371 | Lair:6   | Identified the ring of Vytt {rC+++ MR- MP+9 Int+4 Slay-4} (You found it on level 6 of the Lair of Beasts)
 30666 | Orc:1    | Entered Level 1 of the Orcish Mines
 30679 | D:12     | Reached XP level 15. HP: 104/117 MP: 18/18
 31101 | Orc:2    | Entered Level 2 of the Orcish Mines
 31260 | Orc:2    | Noticed Nessos
 31585 | Orc:2    | Reached skill level 12 in Axes
 31596 | Orc:1    | Received a gift from Okawaru
 31966 | Orc:2    | Reached skill level 10 in Armour
 31974 | Orc:2    | Killed Nessos
 32572 | Orc:2    | Found Hasuna's Food Boutique.
 32572 | Orc:2    | Found Lysioppi's Assorted Antiques.
 32580 | Orc:2    | Found Maroofik's Antique Armour Emporium.
 32580 | Orc:2    | Found Ysahidu's Assorted Antiques.
 32597 | Orc:2    | Upgraded the game from 0.22.0-38-g04b72b8 to 0.22.0-40-g68aacdc
 32602 | Orc:2    | Bought a scroll labeled USEODU GEOLLE for 29 gold pieces
 32602 | Orc:2    | Bought a scroll labeled YNASUH SIRITU for 29 gold pieces
 33325 | Orc:2    | Found a staircase to the Elven Halls.
 33344 | Orc:2    | Noticed Sonja
 33361 | Orc:2    | Killed Sonja
 33843 | Spider:1 | Entered Level 1 of the Spider Nest
 35559 | Spider:1 | Received a gift from Okawaru
 35778 | Spider:1 | Noticed a ghost moth
 35792 | Spider:1 | Killed a ghost moth
 36329 | Spider:1 | HP: 5/119 [poisoned by a redback]
 36990 | Spider:1 | Reached skill level 10 in Throwing
 36992 | Spider:1 | Reached skill level 10 in Dodging
 37439 | Spider:1 | Reached XP level 16. HP: 44/125 MP: 19/19
 37776 | Spider:2 | Reached skill level 13 in Axes
 38674 | Spider:2 | Received a gift from Okawaru
 41147 | Spider:3 | Received a gift from Okawaru
 41147 | Spider:3 | HP: 4/126 [meliai/divine providence (14)]
 42572 | Spider:3 | Identified the cursed ring of Unirisk {rC- rN+ Int+3 Slay-3} (You found it on level 3 of the Spider Nest)
 42626 | Spider:4 | Entered Level 4 of the Spider Nest
 42932 | Spider:4 | Paralysed by a hornet for 2 turns
 43285 | Spider:3 | HP: 4/127 [entropy weaver/mace (5)]
 43769 | Spider:4 | Noticed Agnes
 43777 | Spider:4 | Killed Agnes
 44153 | Spider:4 | Received a gift from Okawaru
 44815 | Spider:4 | Received a gift from Okawaru
 45412 | Spider:4 | HP: 2/127 [emperor scorpion (30)]
 45412 | Spider:4 | Slain by an emperor scorpion

Skill      XL: |  1  2  3  4  5  6  7  8  9 10 11 12 13 14 15 16 |
---------------+-------------------------------------------------+-----
Axes           | 2 3 4 5 7 9 10 11 12 13 | 13.9
Throwing       | 1 2 3 4 5 6 7 8 9 10 | 10.8
Shields        | 3 4 5 6 |  6.1
Evocations     | 1 2 |  2.0
Armour         | 3 4 5 6 7 8 9 10 11 | 11.2
Dodging        | 1 2 3 4 5 6 7 8 9 10 | 10.7
Fighting       | 4 5 6 7 8 9 10 11 12 | 12.0
Staves         | 6 8 9 10 11 | 11.6
Invocations    | 4 |  4.6

Action                   |  1- 3 |  4- 6 |  7- 9 | 10-12 | 13-15 | 16-18 || total
-------------------------+-------+-------+-------+-------+-------+-------++-------
Melee: War axe           |   160 |   156 |   236 |   106 |       |       ||   658
       Blowgun           |       |     1 |     1 |     1 |       |       ||     3
       Quarterstaff      |       |       |       |   248 |   457 |       ||   705
       Executioner's axe |       |       |       |   309 |   526 |   332 ||  1167
 Fire: Blowgun           |       |     7 |    95 |    40 |     7 |     1 ||   150
Throw: Javelin           |     2 |    20 |    32 |     9 |    35 |    45 ||   143
 Abil: Evoke Berserk Rag |       |       |     2 |     4 |     1 |       ||     7
Evoke: Wand              |       |       |    10 |    24 |    20 |    15 ||    69
  Use: Scroll            |       |       |    14 |    19 |    16 |     5 ||    54
       Potion            |       |       |     2 |    11 |    10 |     6 ||    29
 Stab: Distracted        |       |       |     2 |     4 |     2 |     1 ||     9
       Paralysed         |       |       |       |       |     3 |       ||     3
  Eat: Chunk             |     4 |     6 |    13 |    35 |    34 |     3 ||    95
       Ration            |       |     1 |     2 |     1 |     7 |     6 ||    17
Armor: Scale mail        |    92 |    70 |    86 |   215 |   223 |       ||   686
       Ring mail         |       |       |       |   121 |       |       ||   121
       Chain mail        |       |       |       |       |   385 |   353 ||   738
Dodge: Dodged            |    51 |    60 |    91 |   482 |  1065 |   598 ||  2347
       Deflected         |       |       |       |       |     9 |       ||     9
Block: Shield            |    81 |    78 |   153 |    49 |       |       ||   361
